 Dungeon Crawl Stone Soup version 0.18-a0-1372-gd644665 (webtiles) character file.

1575 M4edhros the Covert (level 8, 0/52 HPs)
             Began as an Octopode Monk on Feb 21, 2016.
             Slain by an ogre
             ... wielding a +0 giant club
              (28 damage)
             ... on level 5 of the Dungeon.
             The game lasted 00:06:26 (3854 turns).

M4edhros the Covert (Octopode Monk)                 Turns: 3854, Time: 00:06:26

Health: 0/52       AC:  1    Str: 11    XL:     8   Next: 91%
Magic:  8/8        EV: 20    Int: 12    God:
Gold:   186        SH:  0    Dex: 16    Spells: 0 memorised, 7 levels left

rFire  + . .     SeeInvis .       - Unarmed
rCold  + . .     Gourm    .     (no shield)
rNeg   . . .     Faith    .     (helmet restricted)
rPois  .         Spirit   .     (no amulet)
rElec  .         Dismiss  .     p - +1 ring of evasion
rCorr  .         Reflect  .     s - ring of protection from fire
SustAt .         Harm     .     x - ring of protection from cold (curse)
MR     .....                    k - +6 ring of evasion
Stlth  +++++++...               E - ring of stealth
                                (no ring)
                                (no ring)
                                (no ring)

@: not resistant to hostile enchantments, extremely stealthy
A: almost no armour, amphibious, 8 rings, constrict 8, beak, camouflage 1,
deterioration 1, screaming 1, gelatinous body 1
a: no special abilities


You were on level 5 of the Dungeon.
You were hungry.

You visited 1 branch of the dungeon, and saw 5 of its levels.

You collected 340 gold pieces.
You spent 154 gold pieces at shops.

Inventory:

Hand Weapons
 f - a +0 hunting sling
 n - a +0 hunting sling
Missiles
 c - 212 stones (quivered)
 B - 15 javelins
Jewellery
 k - a +6 ring of evasion (on tentacle)
 p - a +1 ring of evasion (left tentacle)
 s - a ring of protection from fire (right tentacle)
 x - a cursed ring of protection from cold (on tentacle)
 E - a ring of stealth (on tentacle)
Wands
 l - a wand of digging (13/24)
 o - a wand of random effects (26/48)
 A - a wand of digging (1/24)
 D - a wand of iceblast (8/15)
Scrolls
 b - 3 scrolls of magic mapping {unknown}
 d - a scroll of noise {unknown}
 e - 5 scrolls of identify {unknown}
 g - 2 scrolls of fog {unknown}
 j - 3 scrolls of remove curse {unknown}
 m - a scroll of blinking {unknown}
 t - 3 scrolls of amnesia {unknown}
 v - a scroll of fear {unknown}
 w - a scroll of teleportation {unknown}
 y - a scroll of enchant weapon {unknown}
Potions
 h - 3 potions of curing
 q - a potion of brilliance
 r - 2 potions of flight
 z - 2 potions of haste {unknown}
 C - a potion of degeneration {unknown}
 G - a potion of agility
 H - 2 potions of heal wounds
Books
 i - a book of Battle

   Spells                             Type                      Level
   a - Infusion                       Charms                       1
   b - Shroud of Golubria             Charms/Translocation         2
   c - Song of Slaying                Charms                       2
   d - Spectral Weapon                Hexes/Charms                 3
   e - Regeneration                   Charms/Necromancy            3
Comestibles
 a - a bread ration
 u - a fruit
 F - a royal jelly
 I - 2 meat rations


   Skills:
 - Level 3.0 Fighting
 - Level 3.0 Dodging
 + Level 11.0 Stealth
 + Level 8.7 Unarmed Combat


You had 7 spell levels left.
You didn't know any spells.

Dungeon Overview and Level Annotations

Branches:
Dungeon (5/15)
 Temple: D:4-7

Altars:
Makhleb
Pakellas
Sif Muna
The Shining One

Shops:
D:4 }   D:5 !


Innate Abilities, Weirdness & Mutations

You cannot wear most types of armour.
You are amphibious.
You can wear up to eight rings at the same time.
You can use your tentacles to constrict eight enemies at once.
Your skin changes colour to match your surroundings (Stealth).
Your rubbery body absorbs attacks (AC +1).
You have a beak for a mouth.
Your body sometimes deteriorates upon taking damage.
You occasionally shout uncontrollably at your foes.


Message History

No target in view!
An ogre comes into view. It is wielding a giant club.
An ogre is nearby!
An ogre is nearby!
An ogre is nearby!
The ogre misses you.
You tentacle-slap the ogre.
The ogre is lightly wounded.
The ogre completely misses you.
You completely miss the ogre.
The ogre is lightly wounded.
The ogre hits you with a giant club!!
You tentacle-slap the ogre. You peck the ogre, but do no damage.
The ogre is lightly wounded.
You tentacle-slap the ogre but do no damage.
You peck the ogre.
The ogre is moderately wounded.
The ogre hits you with a giant club!!
Ouch! That really hurt!
You die...

..........###########
####................#
####.#######.######.#########
.....# #.'∩'.##..)..........#
###### #.######.###.#######.#
#..# #.# #.# #.# ##.# #.# #.#
#.# #.#####.###.# #.#
#.......@...# #.# #
#......O.#### ##.# #
#.####.#.# #####..#
#########.# #.#.# #.....##
..........# #.#.# #.#####
########### #.#.#####.#
#.#.....#.# #.#####.#.# #.#
#.#.#


You could see an ogre.

Vanquished Creatures
  Pikel (D:4)
  Sigmund (D:4)
  An ice beast (D:5)
  A necrophage (D:4)
  An ogre (D:4)
  4 centaurs
  A crimson imp (D:5)
  A hound (D:4)
  2 orc wizards (D:5)
  2 worker ants (D:5)
  Robin (D:4)
  A gnoll (D:4)
  4 adders
  A shadow imp (D:5)
  An ooze (D:2)
  An adder skeleton (D:4)
  6 worms
  A giant gecko (D:2)
  6 orcs
  5 giant cockroaches
  14 goblins
  13 hobgoblins
  9 jackals
  4 kobolds
  A quokka (D:5)
  A ball python (D:1)
  9 bats
  6 giant newts
  6 rats
105 creatures vanquished.

Vanquished Creatures (others)
  A ball python skeleton (D:4)
1 creature vanquished.

Grand Total: 106 creatures vanquished

Notes
Turn   | Place    | Note
--------------------------------------------------------------
     0 | D:1      | M4edhros the Octopode Monk began the quest for the Orb.
     0 | D:1      | Reached XP level 1. HP: 16/16 MP: 1/1
   149 | D:1      | Reached XP level 2. HP: 18/21 MP: 2/2
   628 | D:2      | Reached XP level 3. HP: 11/26 MP: 3/3
  1330 | D:2      | Reached XP level 4. HP: 29/31 MP: 4/4
  1460 | D:2      | Found a glowing golden altar of the Shining One.
  1648 | D:3      | Reached skill level 5 in Unarmed Combat
  2180 | D:3      | Found an oddly glowing altar of Pakellas.
  2223 | D:4      | Reached skill level 5 in Stealth
  2226 | D:4      | Noticed Robin
  2238 | D:4      | Gained mutation: You occasionally shout uncontrollably at your foes. [potion of mutation]
  2238 | D:4      | Gained mutation: Your body sometimes deteriorates upon taking damage. [potion of mutation]
  2238 | D:4      | Gained mutation: You have a beak for a mouth. [potion of mutation]
  2252 | D:4      | Killed Robin
  2255 | D:4      | Reached XP level 5. HP: 25/36 MP: 5/5
  2451 | D:4      | Found Feylem's Gadget Shop.
  2541 | D:4      | Noticed a centaur
  2546 | D:4      | Killed a centaur
  2557 | D:4      | Found a burning altar of Makhleb.
  2558 | D:4      | Reached skill level 6 in Stealth
  2571 | D:4      | Noticed Sigmund
  2582 | D:4      | Killed Sigmund
  2582 | D:4      | Reached skill level 7 in Stealth
  2582 | D:4      | Reached XP level 6. HP: 28/42 MP: 6/6
  2703 | D:4      | Noticed a necrophage
  2711 | D:4      | Reached XP level 7. HP: 28/46 MP: 7/7
  2876 | D:4      | Reached skill level 8 in Stealth
  2940 | D:4      | Noticed Pikel
  2976 | D:4      | Killed Pikel
  2976 | D:4      | Reached skill level 10 in Stealth
  2976 | D:4      | Reached XP level 8. HP: 32/52 MP: 8/8
  3198 | D:5      | Entered Level 5 of the Dungeon
  3307 | D:5      | Found Plog's Distillery.
  3310 | D:5      | Bought a potion of agility for 44 gold pieces
  3310 | D:5      | Bought a potion of heal wounds for 55 gold pieces
  3310 | D:5      | Bought a potion of heal wounds for 55 gold pieces
  3519 | D:5      | Found a deep blue altar of Sif Muna.
  3760 | D:5      | Reached skill level 11 in Stealth
  3854 | D:5      | Slain by an ogre

Vault maps used:
D:1:      dpeg_arrival_lava_temple_mockup
D:2:      overflow_temple_1_default, first_bread, feat_on_display
D:3:      johnstein_pakellas_dig
D:4:      minmay_thick_lines, old_standard_altar, serial_shops, shop,
          uniq_sigmund, uniq_robin, uniq_pikel
D:5:      serial_shops, kennysheep_mini, led_sif_pool

Action                   |  1- 3 |  4- 6 |  7- 9 || total
-------------------------+-------+-------+-------++-------
Melee: Unarmed           |    64 |    93 |    84 ||   241
  Use: Potion            |       |     9 |       ||     9
 Stab: Sleeping          |    12 |    11 |     5 ||    28
       Distracted        |     1 |       |     1 ||     2
       Invisible         |       |     4 |       ||     4
  Eat: Chunk             |       |     2 |     3 ||     5
       Bread ration      |       |     1 |       ||     1
